Map: Heavy Artillery LE

Players

RinKiller

  • Race: Terran Terran
  • League: Diamond
  • Spawn Location: 7:00

WhySoSerious

  • Race: Zerg Zerg
  • League: Diamond
  • Spawn Location: 7:00

qqq

  • Race: Zerg Zerg
  • Spawn Location: 3:00

Massa

  • Race: Terran Terran
  • League: Platinum
  • Spawn Location: 1:00

VOD

Have the link to the VOD?

Description

Time

  • Played on: Nov. 1, 2020, 5:57 a.m.
  • Length: 31:58
Show
View Real Time Build Order
Export as new Build Order

RinKiller Terran 

Build Orders:  

Get SALT Encoding   

  12  0:00  SCV  
  13  0:12  SCV  
  14  0:21  Supply Depot  
  14  0:24  SCV  
  15  0:38  Refinery  
  15  0:44  Barracks  
  15  0:45  SCV  
  16  0:57  SCV  
  17  1:09  SCV  
  18  1:22  SCV  
  19  1:32  Barracks Reactor  
  19  1:35  Orbital Command  
  19  1:48  Command Center  
  19  2:05  SCV  
  19  2:07  Barracks  
  20  2:24  Marine x2  
  22  2:30  Factory  
  22  2:32  Refinery  
  22  2:35  Supply Depot  
  22  2:46  SCV  
  23  2:56  Marine x2  
  23  2:57  Barracks Tech Lab  
  23  2:58  SCV  
  26  3:10  SCV  
  26  3:16  Marine  
  26  3:17  Marine, Stimpack  
  28  3:22  SCV  
  28  3:25  Starport  
  29  3:29  Supply Depot  
  29  3:34  SCV  
  29  3:38  Orbital Command  
  30  3:42  Widow Mine  
  30  3:46  SCV  
  33  3:48  Marine x2  
  33  3:50  Marine  
  36  3:58  SCV  
  37  4:11  Marine  
  37  4:13  Medivac  
  37  4:14  Medivac  
  42  4:17  SCV x2  
  42  4:23  Supply Depot  
  44  4:25  Factory Tech Lab  
  44  4:29  Supply Depot  
  44  4:32  Engineering Bay  
  44  4:33  Marine  
  44  4:34  Marine  
  46  4:38  SCV  
  46  4:39  SCV  
  48  5:00  Marine, Siege Tank  
  48  5:01  Combat Shield  
  48  5:03  Marine  
  48  5:04  SCV x2  
  55  5:16  SCV  
  55  5:17  Missile Turret  
  56  5:21  Marine  
  56  5:22  Marauder  
  56  5:26  SCV  
  60  5:28  SCV  
  61  5:39  Marine  
  61  5:41  Command Center  
  62  5:43  Marine  
  51  6:05  Marauder, Marine  
  51  6:10  SCV x2  
  52  6:13  Refinery  
  52  6:15  Missile Turret  
  52  6:20  Missile Turret  
  52  6:22  Marine  
  56  6:25  Siege Tank  
  56  6:26  Barracks, Marine  
  56  6:27  Medivac x2  
  56  6:31  Barracks  
  56  6:32  Refinery  
  61  6:33  Barracks  
  61  6:36  Missile Turret  
  61  6:44  SCV x2  
  61  6:46  Marine, Terran Infantry Weapons Level 1  
  64  6:47  Marine  
  65  6:54  SCV, Missile Turret  
  65  6:56  SCV x2  
  65  7:01  Missile Turret  
  68  7:04  Marine x2, Siege Tank  
  73  7:12  Supply Depot  
  73  7:15  Supply Depot  
  73  7:18  Marine x2  
  73  7:21  Marine  
  76  7:30  Planetary Fortress  
  76  7:31  SCV  
  76  7:32  SCV  
  76  7:35  Marine x2  
  80  7:43  SCV  
  80  7:59  SCV  
  80  8:00  SCV  
  80  8:03  Marine x2  
  80  8:04  Marine x3  
  80  8:05  Medivac x2, Siege Tank  
  94  8:06  SCV  
  94  8:11  Refinery, SCV  
  94  8:12  SCV  
  95  8:18  SCV  
  93  8:21  Marine  
  93  8:23  SCV  
  93  8:24  SCV  
  96  8:30  SCV  
  96  8:36  SCV x2  
  96  8:41  Marine x2, Missile Turret  
  98  8:42  Marine  
  98  8:46  Supply Depot  
  98  8:48  Supply Depot  
  101  8:58  SCV  
  101  9:01  SCV, Marine  
  101  9:02  SCV, Marine x3  
  99  9:03  Siege Tank  
  101  9:16  Marine  
  101  9:18  Liberator x2  
  101  9:19  Marine  
  93  9:35  Terran Infantry Armor Level 1  
  93  9:38  Armory  
  93  9:42  Engineering Bay  
  93  9:43  Barracks, Siege Tank  
  96  9:46  Barracks  
  96  9:47  SCV x2  
  96  9:48  SCV  
  96  9:50  Barracks  
  96  9:51  Marine x5  
  104  9:59  SCV  
  105  10:08  Marine  
  105  10:09  Marine  
  105  10:11  Medivac x2  
  105  10:12  Marauder, Marine x2  
  115  10:14  SCV x2  
  117  10:26  Supply Depot  
  117  10:27  Supply Depot  
  117  10:28  Supply Depot  
  117  10:31  SCV x3, Marine x4  
  124  10:41  Marine  
  125  10:47  SCV, Marine x2, Medivac x2  
  125  10:48  SCV, Marine  
  125  10:49  Marine x4  
  138  10:58  Marine, Thor  
  138  11:00  Terran Infantry Weapons Level 2  
  142  11:05  Marine x2  
  142  11:06  Marine  
  142  11:20  Marine x5  
  142  11:23  SCV x2  
  149  11:32  SCV  
  149  11:42  Command Center  
  149  11:46  Missile Turret  
  149  11:50  Missile Turret  
  149  11:58  Marauder  
  135  12:22  Marine  
  136  12:23  Marine x7  
  136  12:25  Hellbat  
  136  12:26  Medivac  
  136  12:27  Medivac  
  136  12:28  Terran Infantry Armor Level 2  
  149  12:39  Factory  
  149  12:46  Marine x3  
  149  12:49  Barracks  
  149  12:50  Barracks  
  149  12:52  Barracks  
  149  12:53  Thor  
  142  13:09  Planetary Fortress  
  139  13:24  Marauder, Marine x4  
  139  13:25  Marine x2  
  122  13:45  Marine x6  
  122  13:46  Marauder, Marine x4  
  122  13:47  Thor  
  140  14:02  Marine  
  140  14:03  Marine x2  
  140  14:06  Marine x3  
  140  14:07  Marauder  
  144  14:20  Marine x2  
  144  14:21  Marine x2  
  144  14:24  Marine x3  
  140  14:27  Factory Tech Lab  
  127  14:38  Marine  
  127  14:40  Marine  
  127  14:41  Marauder, Marine x2  
  127  14:42  Marine x3  
  127  14:43  Siege Tank  
  117  14:47  Siege Tank  
  98  14:56  Marine  
  98  14:59  Marine x2  
  98  15:00  Marine x3  
  98  15:03  Marauder  
  102  15:14  Marine  
  102  15:16  Orbital Command  
  102  15:17  Marine x4  
  102  15:18  Marine  
  108  15:23  Factory Tech Lab  
  108  15:44  Refinery  
  108  15:46  Refinery  
  108  16:02  Marine  
  108  16:23  Marine x2  
  108  16:24  SCV  
  108  16:25  SCV, Marauder, Marine x3  
  108  16:26  Medivac  
  108  16:28  Medivac  
  108  16:29  Siege Tank  
  98  16:38  Terran Infantry Weapons Level 3, Terran Infantry Armor Level 3  
  98  16:39  Marine  
  99  16:41  Marine x2  
  99  16:47  Marauder  
  102  16:56  Medivac  
  98  17:02  Siege Tank  
  98  17:06  Marine x6  
  107  17:11  Marauder  
  86  17:24  Marine x2  
  88  17:33  Marauder  
  88  17:34  Siege Tank  
  93  17:39  Marine x4  
  93  17:40  SCV  
  93  17:41  SCV x2, Marine  
  93  17:42  Marine  
  102  17:44  SCV  
  103  17:53  SCV x3  
  103  17:54  Marine  
  103  17:56  SCV  
  108  18:02  Supply Depot  
  108  18:06  Supply Depot  
  108  18:07  Supply Depot  
  108  18:13  Barracks  
  108  18:14  Barracks  
  108  18:16  Barracks  
  108  18:23  Marine x4  
  108  18:24  SCV x2, Hellion  
  116  18:27  SCV x2, Marine x2, Supply Depot  
  120  18:36  SCV  
  120  18:39  SCV  
  112  18:59  SCV x2  
  112  19:15  Missile Turret x2  
  112  19:18  Missile Turret  
  101  19:32  Marine x7  
  101  19:33  Siege Tank  
  101  19:34  Medivac x2  
  115  19:49  Marine  
  115  19:50  Marine x3  
  119  20:06  Command Center  
  119  20:07  SCV x3  
  122  20:23  Marine  
  122  20:24  Marine x6  
  127  20:31  SCV x3  
  127  20:32  SCV  
  129  20:41  Marine x4  
  129  20:42  Marine x2  
  90  20:56  Marine  
  77  20:57  Siege Tank  
  77  20:59  Marine x2  
  66  21:16  Marine x4  
  66  21:17  Marine x3  
  66  21:18  Siege Tank  
  48  21:34  Marine x6  
  48  21:36  SCV x3  
  57  21:42  Medivac x2  
  57  21:43  Marine  
  62  21:48  SCV x3  
  62  21:50  Siege Tank  
  62  21:52  Marine x6  
  74  22:00  SCV, Marine  
  74  22:01  SCV x2  
  78  22:09  Marine  
  78  22:10  Marine x5  
  78  22:12  Medivac x2  
  78  22:13  SCV x3  
  91  22:18  Marine  
  92  22:23  Refinery  
  92  22:25  SCV x3  
  92  22:27  Marine  
  92  22:28  Marine x3  
  99  22:36  Marine x2  
  99  22:37  Marine  
  102  22:45  Marine  
  103  22:56  Missile Turret  
  103  23:00  Missile Turret  
  100  23:08  Marine  
  101  23:25  Marauder, Marine x5  
  101  23:26  SCV x2  
  101  23:27  SCV  
  104  23:46  Marauder  
  79  23:49  Command Center  
  79  23:52  Marine  
  79  23:53  Marine x5  
  81  24:07  Marine  
  76  24:10  Marine  
  76  24:12  Marine x2  
  76  24:13  Marine x3  
  76  24:14  Siege Tank x2  
  82  24:19  SCV x2  
  84  24:25  Marine  
  84  24:28  Marine  
  84  24:30  Marine x3  
  89  24:45  Missile Turret  
  89  24:47  Marine x4  
  89  24:48  Siege Tank  
  89  24:52  Medivac x2  
  100  24:55  SCV  
  100  24:57  SCV  
  102  25:07  SCV  
  102  25:08  SCV x2  
  105  25:43  SCV x2  
  105  25:44  Planetary Fortress  
  69  26:08  Marine x7  
  69  26:09  Siege Tank  
  69  26:10  Medivac x2, Siege Tank  
  69  26:11  SCV x3  
  88  26:15  Refinery  
  89  26:23  SCV x2  
  91  26:25  Marine  
  91  26:26  Marine x3  
  91  26:30  Command Center  
  94  26:34  Marine  
  94  26:35  Marine x2  
  97  26:42  Siege Tank x2  
  97  26:43  SCV, Marine  
  97  26:44  SCV, Marine  
  107  27:19  Refinery  
  107  27:20  Hi-Sec Auto Tracking  
  107  27:21  Missile Turret  
  106  27:37  Marine x3  
  106  27:38  Marine x4  
  111  27:55  Marine x2  
  113  27:59  Marine x5  
  113  28:00  Siege Tank x2  
  124  28:12  Marine  
  125  28:37  Marine x7  
  125  28:38  Siege Tank x2  
  125  28:39  Medivac x2  
  142  28:55  Marine x4  
  146  29:04  Marine  
  147  29:12  Command Center  
  147  29:15  Missile Turret  
  147  29:16  Missile Turret  
  147  29:19  Missile Turret  
  147  29:20  Marine x5  
  141  29:39  Command Center  
  136  30:05  SCV x3  
  118  30:45  Marine  
  118  30:46  Marine x6  
  118  30:47  Medivac x2, Siege Tank x2  
  135  30:51  SCV x4  
  130  31:03  SCV, Marine  
  129  31:05  Orbital Command  
  129  31:17  Medivac  
Show
View Real Time Build Order
Export as new Build Order

WhySoSerious Zerg 

Build Orders: Hatch First, Muta Ling Bane 

Get SALT Encoding   

  12  0:00  Drone  
  13  0:08  Drone  
  14  0:16  Overlord  
  14  0:35  Drone x3  
  17  0:46  Drone  
  18  0:59  Hatchery  
  18  1:01  Drone  
  18  1:07  Drone  
  19  1:29  Drone x2  
  20  1:38  Spawning Pool  
  20  1:39  Drone  
  20  1:40  Extractor  
  19  1:51  Drone  
  20  2:02  Hatchery  
  20  2:08  Drone  
  20  2:12  Drone x2  
  22  2:22  Drone x2  
  24  2:25  Queen  
  24  2:26  Queen  
  28  2:47  Overlord  
  28  2:50  Metabolic Boost  
  28  3:05  Overlord  
  28  3:06  Drone x3  
  28  3:07  Drone x2  
  33  3:16  Drone  
  33  3:17  Queen  
  33  3:19  Overlord x2  
  36  3:25  Baneling Nest  
  35  3:27  Spine Crawler  
  35  3:32  Spine Crawler  
  33  3:36  Drone x3  
  33  3:39  Drone  
  37  3:53  Drone x4  
  37  3:54  Drone x3  
  44  3:58  Drone x2  
  46  4:11  Zergling x4  
  46  4:12  Zergling x10  
  53  4:19  Lair  
  53  4:24  Extractor  
  52  4:25  Drone x2  
  52  4:26  Drone x3  
  52  4:28  Extractor  
  52  4:30  Extractor  
  55  4:35  Extractor, Drone x3  
  55  4:36  Drone x2, Extractor  
  56  5:22  Drone  
  56  5:23  Drone x8  
  56  5:24  Overlord  
  56  5:25  Overlord  
  65  5:32  Spire, Spore Crawler  
  63  5:41  Spore Crawler  
  62  5:45  Spine Crawler  
  62  5:47  Drone x2, Spine Crawler  
  62  5:48  Drone x5  
  67  5:52  Centrifical Hooks  
  67  5:54  Spire  
  66  5:57  Spore Crawler  
  66  5:58  Drone  
  66  5:59  Drone x5, Spore Crawler  
  70  6:06  Queen  
  70  6:07  Overlord  
  72  6:31  Spore Crawler  
  72  6:32  Overlord x2  
  71  6:42  Queen  
  73  6:50  Zerg Flyer Armor Level 1  
  73  7:01  Spore Crawler  
  73  7:06  Hatchery  
  73  7:08  Zerg Flyer Weapons Level 1  
  71  7:12  Mutalisk x5  
  71  7:13  Mutalisk x6  
  93  7:15  Mutalisk  
  95  7:29  Infestation Pit  
  94  7:31  Queen  
  96  7:37  Hatchery  
  95  7:44  Baneling x4  
  95  7:45  Baneling x2  
  95  7:50  Mutalisk  
  95  7:51  Mutalisk x2  
  97  7:53  Overlord x2  
  101  8:25  Mutalisk x2  
  101  8:26  Mutalisk x4  
  112  8:28  Drone  
  112  8:29  Drone x14  
  127  8:45  Overlord x5  
  127  8:49  Queen  
  127  8:51  Zerg Flyer Armor Level 2  
  127  8:55  Hive  
  129  9:02  Zerg Flyer Weapons Level 2  
  129  9:14  Extractor x2  
  129  9:15  Spore Crawler  
  129  9:16  Spore Crawler x2  
  124  9:19  Drone x2  
  124  9:20  Drone x6  
  124  9:21  Overlord x3  
  118  10:34  Mutalisk x5  
  118  10:35  Mutalisk x5  
  132  10:36  Mutalisk x5  
  132  10:37  Mutalisk  
  132  10:39  Drone  
  132  10:40  Drone x4  
  155  10:46  Extractor x2, Spore Crawler  
  155  10:48  Spore Crawler  
  151  10:50  Drone, Spore Crawler  
  151  10:51  Drone x4  
  155  10:58  Mutalisk x2  
  155  10:59  Mutalisk  
  159  11:27  Spore Crawler  
  159  11:28  Spore Crawler  
  159  11:29  Spore Crawler  
  156  11:36  Zerg Flyer Weapons Level 3  
  156  11:39  Zerg Flyer Armor Level 3  
  128  12:24  Mutalisk x3  
  128  12:25  Mutalisk x6  
  128  12:26  Mutalisk x7  
  128  12:28  Zergling x2  
  128  12:29  Zergling x30  
  170  12:55  Hatchery  
  167  13:14  Mutalisk x4  
  167  13:15  Mutalisk x3  
  181  13:20  Baneling  
  181  13:21  Baneling x28  
  181  13:25  Zergling x2  
  181  13:26  Overlord x3  
  181  13:27  Overlord x2  
  138  14:09  Mutalisk  
  137  14:10  Mutalisk x6  
  137  14:11  Mutalisk x7  
  137  14:13  Zergling x12  
  167  14:17  Zergling x2  
  167  14:18  Zergling x2  
  169  14:31  Mutalisk x4  
  169  14:33  Zergling x8  
  161  15:05  Mutalisk, Corruptor  
  165  15:08  Overlord  
  165  15:09  Overlord x4  
  133  15:38  Spire  
  133  15:41  Greater Spire  
  120  15:45  Corruptor x4  
  120  15:46  Corruptor x5  
  120  15:47  Corruptor  
  140  16:01  Spawning Pool  
  131  16:52  Baneling x9  
  131  16:55  Mutalisk  
  131  16:56  Mutalisk x6  
  131  16:57  Mutalisk x2  
  131  16:59  Zergling x2  
  131  17:00  Zergling x22  
  161  17:31  Mutalisk  
  161  17:32  Mutalisk x5  
  173  17:54  Mutalisk x2  
  173  17:55  Mutalisk x7  
  173  17:57  Overlord x3  
  173  17:58  Overlord  
  191  18:06  Baneling x11  
  191  18:07  Baneling x7  
  191  18:11  Overlord x2  
  191  18:12  Overlord x2  
  191  18:33  Mutalisk x4  
  159  19:34  Mutalisk x3  
  159  19:35  Mutalisk x7  
  159  19:36  Mutalisk x6  
  159  19:37  Mutalisk x4  
  183  20:36  Mutalisk x4  
  183  20:38  Zergling x16  
  160  21:28  Mutalisk x3  
  160  21:30  Zergling x2  
  160  21:31  Zergling x50  
  160  21:32  Zergling x18  
  196  22:05  Extractor  
  195  22:15  Hatchery  
  194  22:19  Baneling x12  
  194  22:21  Zergling x10  
  199  22:41  Hatchery  
  195  23:30  Queen  
  195  23:31  Overlord x2  
  195  23:55  Extractor  
  188  24:27  Mutalisk x6  
  169  25:48  Mutalisk x4  
  178  25:50  Zergling x32  
  178  25:51  Zergling x14  
  200  26:05  Overlord  
  200  26:06  Overlord x3  
  200  26:25  Overlord x4  
  194  27:44  Zergling x26  
  187  27:45  Zergling x2  
  187  27:47  Baneling  
  178  29:08  Zergling x2  
  178  29:09  Zergling x22  
  160  30:50  Hatchery  
  160  30:51  Extractor  
  160  30:52  Extractor  
Show
View Real Time Build Order
Export as new Build Order

qqq Zerg 

Build Orders: Hatch First 

Get SALT Encoding   

  12  0:00  Drone  
  13  0:08  Drone  
  14  0:40  Hatchery  
  13  0:46  Drone  
  14  0:59  Spawning Pool  
  13  1:04  Overlord  
  13  1:07  Drone  
  14  1:22  Drone  
  15  1:26  Extractor  
  14  1:36  Drone  
  14  1:37  Drone  
  16  1:46  Drone  
  17  1:59  Drone  
  17  2:00  Drone  
  19  2:04  Drone  
  19  2:08  Queen  
  20  2:09  Queen  
  20  2:10  Drone  
  20  2:15  Drone  
  26  2:27  Drone  
  26  2:28  Drone  
  28  2:58  Metabolic Boost  
  27  3:05  Overlord x3  
  27  3:07  Drone  
  28  3:12  Hatchery  
  28  3:18  Drone  
  28  3:27  Drone  
  28  3:28  Drone x2  
  28  3:30  Zergling x2  
  32  3:36  Zergling x4  
  34  3:44  Lair  
  34  3:50  Hatchery  
  33  3:58  Drone x4  
  37  4:05  Zergling x6  
  37  4:09  Extractor, Drone x3  
  42  4:12  Drone x2  
  42  4:14  Drone  
  45  4:27  Drone x2  
  45  4:28  Drone  
  48  4:32  Drone  
  48  4:35  Overlord  
  48  4:36  Drone, Overlord  
  48  4:37  Drone  
  51  4:39  Queen  
  52  4:55  Drone x3  
  52  4:57  Spire  
  52  4:59  Drone x2, Baneling Nest  
  56  5:00  Zergling x2  
  56  5:06  Extractor  
  56  5:07  Zergling x2  
  56  5:08  Extractor  
  56  5:12  Zergling x8  
  56  5:13  Zergling x2  
  56  5:14  Zergling x4  
  62  5:21  Drone  
  62  5:22  Drone x2  
  62  5:25  Overlord  
  58  5:58  Zergling x8  
  58  6:00  Drone x7  
  58  6:01  Drone x5  
  70  6:05  Queen  
  70  6:07  Spine Crawler  
  70  6:11  Baneling x7  
  71  6:13  Drone x5  
  71  6:14  Drone  
  71  6:18  Mutalisk x3  
  77  6:23  Extractor  
  77  6:24  Extractor, Drone  
  83  6:25  Drone  
  83  6:34  Drone  
  83  6:35  Drone x3  
  83  6:37  Overlord  
  87  6:40  Zerg Flyer Weapons Level 1  
  87  6:42  Overlord  
  87  6:45  Overlord x2  
  87  6:46  Hatchery  
  86  6:53  Drone  
  87  6:55  Mutalisk x4  
  95  7:03  Drone x2  
  97  7:11  Drone x3  
  97  7:12  Mutalisk, Overlord  
  97  7:13  Mutalisk x2  
  106  7:23  Drone  
  106  7:24  Mutalisk  
  106  7:26  Zergling x8  
  106  7:27  Overlord x4  
  106  7:28  Overlord x3  
  113  7:51  Mutalisk x3  
  111  8:15  Drone x2  
  111  8:16  Drone x6  
  118  8:20  Hatchery  
  118  8:23  Mutalisk x3  
  118  8:24  Mutalisk  
  118  8:25  Zergling x4  
  118  8:26  Zergling x12  
  132  8:29  Extractor  
  132  8:30  Extractor  
  132  8:33  Spore Crawler  
  129  8:35  Spine Crawler  
  129  8:38  Zerg Flyer Armor Level 1  
  128  8:42  Zergling x4, Overlord x2  
  128  8:43  Drone x2  
  128  8:44  Drone x4  
  128  8:47  Spore Crawler  
  135  9:00  Spore Crawler x2  
  125  9:07  Mutalisk x3  
  125  9:08  Drone  
  125  9:09  Drone x3  
  132  9:33  Mutalisk x3  
  132  9:35  Zergling x10  
  132  9:36  Drone x3  
  132  9:37  Drone x2  
  142  9:56  Mutalisk x3  
  132  10:10  Mutalisk x2  
  132  10:12  Zergling x8  
  132  10:13  Drone x5  
  132  10:14  Drone x4  
  147  10:34  Mutalisk  
  147  10:35  Mutalisk x3  
  146  10:52  Spore Crawler  
  146  10:54  Spore Crawler  
  144  11:09  Hatchery  
  143  11:14  Hatchery, Mutalisk x6  
  151  11:25  Extractor, Spore Crawler  
  149  11:26  Spore Crawler  
  149  11:27  Drone x3  
  149  11:30  Extractor  
  150  11:45  Drone, Mutalisk x4  
  136  12:22  Mutalisk x2  
  136  12:24  Zerg Flyer Weapons Level 2  
  136  12:27  Drone  
  136  12:28  Drone x4  
  139  12:58  Mutalisk x3  
  139  12:59  Mutalisk x4  
  139  13:00  Drone x3  
  139  13:01  Drone x6  
  162  13:22  Zergling x4  
  162  13:23  Zergling x18  
  162  13:24  Drone x3  
  162  13:25  Drone x3  
  175  13:43  Mutalisk x5  
  175  13:45  Drone x6  
  169  14:25  Mutalisk x3  
  169  14:26  Mutalisk x9  
  180  14:56  Mutalisk x5  
  180  14:57  Mutalisk x3  
  180  14:58  Mutalisk  
  180  14:59  Drone x4  
  190  15:07  Spine Crawler  
  190  15:09  Spine Crawler x3, Zergling x8  
  190  15:10  Zergling x2  
  179  15:21  Spire  
  174  15:23  Spore Crawler x2  
  174  15:24  Spore Crawler x2  
  174  15:25  Hatchery, Spore Crawler  
  143  16:04  Drone x2  
  143  16:05  Drone  
  143  16:07  Zergling x12  
  143  16:08  Zergling x12  
  158  16:16  Hatchery  
  139  16:28  Hydralisk Den, Spore Crawler  
  139  16:29  Spore Crawler  
  135  16:39  Mutalisk x4  
  135  16:40  Mutalisk x4  
  135  16:41  Drone x3  
  135  16:45  Spore Crawler  
  135  16:46  Zerg Flyer Armor Level 2  
  149  16:53  Spore Crawler x3, Infestation Pit  
  144  16:54  Spore Crawler  
  144  16:56  Spore Crawler  
  144  16:57  Hydralisk, Muscular Augments  
  144  16:58  Hydralisk x6, Evolution Chamber  
  144  16:59  Evolution Chamber  
  123  17:01  Evolution Chamber  
  123  17:06  Mutalisk x5  
  133  17:08  Drone x2  
  126  17:27  Mutalisk  
  126  17:28  Mutalisk x4  
  136  17:32  Mutalisk  
  138  17:46  Drone x2  
  138  17:48  Queen  
  142  17:55  Mutalisk x4  
  142  17:56  Hatchery, Zergling x2  
  142  17:57  Hatchery, Zergling x18  
  158  18:01  Zerg Melee Weapons Level 1  
  158  18:06  Zergling x2  
  158  18:09  Grooved Spines  
  159  18:14  Hive  
  159  18:28  Zerg Missile Weapons Level 1, Zerg Ground Armor Level 1  
  153  18:59  Mutalisk  
  153  19:00  Mutalisk x5  
  157  19:18  Spore Crawler  
  157  19:21  Hydralisk x6  
  157  19:23  Overlord x7  
  150  19:41  Spire  
  133  20:22  Zergling x10  
  133  20:23  Zergling x10  
  133  20:28  Spore Crawler x2  
  138  20:30  Spore Crawler  
  138  20:34  Hydralisk x3  
  138  20:35  Hydralisk x6  
  138  20:49  Hatchery  
  124  20:59  Corruptor  
  124  21:00  Mutalisk x2, Corruptor x2  
  116  21:51  Hydralisk x6  
  116  21:52  Mutalisk x2  
  132  22:32  Drone x3  
  132  22:33  Extractor, Zergling x6  
  132  22:34  Hydralisk, Zergling x10  
  132  22:35  Hydralisk x3  
  150  22:37  Spore Crawler  
  150  22:38  Zerg Melee Weapons Level 2  
  150  22:39  Hatchery, Spore Crawler x2  
  150  22:40  Spore Crawler  
  150  22:41  Spore Crawler  
  142  22:59  Zergling x4  
  142  23:00  Zergling x12  
  137  23:19  Drone x5  
  142  23:25  Drone x2  
  144  23:29  Extractor  
  144  23:30  Extractor  
  142  23:34  Drone x2  
  69  23:53  Hydralisk x7  
  69  23:54  Hydralisk x5  
  84  23:56  Drone x5  
  84  23:57  Drone  
  84  24:02  Ultralisk Cavern  
  83  24:15  Hydralisk x3  
  89  24:17  Drone  
  89  24:18  Drone x4  
  88  24:30  Hydralisk x2  
  80  24:33  Drone  
  80  24:36  Spore Crawler  
  80  24:37  Spore Crawler x2  
  80  24:38  Spore Crawler  
  67  24:44  Drone x6  
  63  24:50  Anabolic Synthesis  
  63  24:52  Zergling x14  
  69  24:53  Zergling x10  
  62  25:37  Baneling Nest  
  62  25:42  Hydralisk x2, Spore Crawler  
  61  25:43  Hydralisk x7, Spore Crawler  
  65  26:02  Ultralisk  
  65  26:03  Ultralisk  
  67  26:14  Chitinous Plating  
  67  26:35  Pneumatized Carapace  
  67  26:39  Drone x3  
  70  26:41  Spawning Pool  
  60  27:09  Drone x2  
  60  27:10  Evolution Chamber  
  51  27:25  Hatchery  
  51  27:27  Overlord x4  
  51  27:28  Overlord  
  50  27:33  Overlord x3  
  46  27:40  Lair  
  46  27:46  Ultralisk  
  52  28:03  Hatchery  
  51  28:15  Spore Crawler  
  51  28:16  Drone x2, Spore Crawler  
  51  28:18  Spore Crawler  
  34  29:04  Hydralisk Den  
  34  29:09  Drone x3  
  36  29:20  Zerg Missile Weapons Level 2  
  36  29:32  Spore Crawler x2  
  34  29:45  Hydralisk x6  
  52  30:07  Hydralisk  
  54  30:17  Spine Crawler  
  44  30:21  Drone  
  44  30:22  Drone, Spine Crawler  
  45  30:45  Hydralisk, Ultralisk  
  47  31:11  Ultralisk  
  37  31:16  Ultralisk  
Show
View Real Time Build Order
Export as new Build Order

Massa Terran 

Build Orders: Gas First Reaper Expand 

Get SALT Encoding   

  12  0:00  SCV  
  13  0:12  SCV  
  14  0:23  Supply Depot  
  14  0:24  SCV  
  15  0:29  Refinery  
  15  0:45  SCV  
  15  0:46  Barracks  
  16  0:57  SCV  
  17  1:09  SCV  
  17  1:34  SCV  
  18  1:50  SCV  
  19  1:54  Reaper  
  20  2:04  Command Center  
  20  2:05  Orbital Command  
  20  2:20  Bunker  
  20  2:26  Marine  
  20  2:29  Engineering Bay  
  21  2:31  Factory  
  21  2:39  Barracks  
  21  2:59  Missile Turret  
  21  3:13  Barracks Reactor  
  21  3:15  Factory Tech Lab  
  21  3:19  Orbital Command  
  21  3:26  SCV, Missile Turret  
  22  3:37  Barracks Tech Lab, Siege Tank  
  22  3:38  SCV  
  26  3:50  SCV  
  26  3:51  SCV  
  28  3:56  Stimpack  
  28  4:03  Refinery, SCV x2  
  28  4:06  Marine x2  
  34  4:10  Marauder  
  34  4:15  SCV x2  
  36  4:23  Widow Mine  
  38  4:29  Supply Depot  
  38  4:33  Supply Depot  
  38  4:50  Widow Mine, SCV x2, Marine x2  
  44  5:06  Starport, Command Center  
  44  5:27  Terran Infantry Armor Level 1  
  44  5:30  Armory  
  44  5:33  Missile Turret  
  41  6:18  SCV x2  
  43  6:19  Missile Turret x2  
  43  6:20  Missile Turret x2  
  43  6:21  Orbital Command  
  43  6:24  Liberator  
  46  6:28  Widow Mine  
  46  6:30  SCV x2  
  50  6:40  Refinery  
  50  6:42  SCV x2  
  52  6:47  Supply Depot  
  52  6:49  Widow Mine  
  52  6:50  SCV, Supply Depot  
  55  6:54  SCV  
  55  6:56  SCV  
  57  7:02  SCV  
  57  7:06  SCV, Medivac  
  61  7:09  SCV  
  61  7:14  SCV  
  63  7:16  Supply Depot  
  63  7:18  Supply Depot  
  63  7:21  Terran Infantry Weapons Level 1  
  63  7:24  Refinery  
  63  7:26  Siege Tank  
  66  7:31  Marine x2  
  66  7:34  Marauder  
  70  7:42  Liberator  
  70  7:49  Marine x2  
  72  7:55  Marauder  
  72  7:57  SCV x2, Barracks  
  76  7:58  Barracks  
  76  8:00  Barracks  
  76  8:07  Marine x2, Terran Vehicle Weapons Level 1  
  76  8:09  SCV x2  
  80  8:15  Combat Shield  
  80  8:17  Marauder  
  82  8:21  SCV  
  82  8:22  SCV  
  82  8:25  Marine x2  
  86  8:33  SCV  
  86  8:34  SCV  
  88  8:38  Marine  
  87  8:42  Marine x2  
  87  8:45  SCV  
  87  8:46  SCV  
  91  8:52  Barracks Reactor x2, Barracks Tech Lab  
  91  8:55  Marine  
  92  9:05  Orbital Command  
  91  9:14  Marauder  
  91  9:15  Terran Infantry Armor Level 2  
  91  9:18  Marauder  
  93  9:34  Marine x2, Missile Turret  
  93  9:35  Missile Turret  
  93  9:36  Marauder  
  88  9:40  Marauder  
  88  9:45  Orbital Command  
  87  9:52  Marine x2  
  89  9:56  Missile Turret x2  
  89  9:57  Marauder, Missile Turret  
  89  9:58  Missile Turret  
  89  9:59  Missile Turret x2  
  91  10:00  Missile Turret  
  91  10:01  Marauder, Missile Turret  
  91  10:03  Missile Turret  
  92  10:10  Marine x2  
  92  10:12  Marine  
  93  10:15  Marine  
  93  10:30  Command Center  
  93  10:46  Supply Depot  
  93  10:48  Supply Depot  
  93  10:51  Supply Depot  
  93  11:09  Marine  
  94  11:12  Marine x3  
  94  11:13  Marauder, Marine, Medivac  
  102  11:27  Command Center  
  102  11:30  Terran Infantry Weapons Level 2  
  102  11:37  Marauder  
  102  11:41  SCV x2, Marauder, Marine x3  
  102  11:43  Medivac  
  111  11:53  SCV x2  
  113  11:58  Marauder  
  113  11:59  Marine  
  114  12:03  Marauder  
  114  12:05  SCV x2  
  107  12:19  Marauder  
  107  12:20  Marine  
  107  12:21  Marine x5  
  113  12:24  SCV, Marauder  
  113  12:27  SCV  
  117  12:39  SCV x2, Marine x6, Medivac  
  117  12:41  Marauder  
  129  12:46  Marauder  
  129  12:47  Missile Turret  
  129  12:50  Missile Turret  
  131  12:56  Marine  
  132  13:09  Orbital Command  
  132  13:10  Supply Depot x2  
  132  13:13  Supply Depot x3  
  132  13:14  Supply Depot  
  132  13:26  Marine x2  
  132  13:31  Marine x4  
  132  13:32  Marauder x2  
  140  13:34  Supply Depot  
  140  13:44  Marine  
  140  13:46  Marine  
  142  13:49  Marine x4  
  142  13:53  Marauder x2  
  145  14:02  Marine  
  146  14:04  Marine  
  146  14:07  Marine  
  148  14:14  Marauder  
  128  14:49  Marauder, Marine  
  128  14:50  Marauder, Marine x5  
  119  15:07  Marine x2  
  119  15:08  Marine x2  
  119  15:10  Marauder  
  119  15:11  Marauder  
  94  15:26  Starport Reactor, Missile Turret x2  
  94  15:28  Marine x4  
  94  15:29  Marine x2  
  94  15:30  Missile Turret  
  94  15:32  Marauder x2  
  94  15:33  Siege Tank  
  107  15:39  Missile Turret  
  107  15:41  Missile Turret  
  107  15:42  Missile Turret  
  107  15:43  Missile Turret  
  107  15:46  Missile Turret  
  107  15:48  Missile Turret  
  107  15:53  Marauder  
  107  15:54  Marauder  
  111  16:00  SCV  
  111  16:01  SCV x2  
  111  16:03  Command Center  
  114  16:06  Siege Tank  
  117  16:13  SCV x3  
  117  16:15  Marauder x2  
  124  16:25  SCV x2  
  120  16:36  Marauder x2  
  120  16:38  Siege Tank  
  127  16:59  Marauder, Marine  
  127  17:00  Marauder, Marine x5  
  108  17:17  Marine  
  108  17:18  Marine x5  
  108  17:20  Marauder  
  108  17:21  Marauder  
  93  17:25  Siege Tank  
  96  17:35  Marine  
  96  17:36  Marine x5  
  102  17:42  Marauder x2  
  106  17:46  Refinery  
  106  17:47  Refinery, Terran Infantry Weapons Level 3  
  106  17:50  Engineering Bay  
  106  17:52  Medivac  
  106  17:53  Marine x6  
  106  17:57  Siege Tank  
  117  18:03  Marauder  
  117  18:04  Marauder  
  121  18:11  Marine x5  
  126  18:19  Medivac  
  128  18:22  Medivac  
  128  18:25  Marauder x2  
  134  18:29  Siege Tank  
  137  18:37  Missile Turret x2  
  137  18:46  Marauder  
  128  19:01  Siege Tank  
  126  19:19  Orbital Command  
  123  19:32  Missile Turret x4  
  123  19:33  Missile Turret x2  
  123  20:04  Orbital Command  
  123  20:10  Refinery  
  96  21:15  Marine x6  
  96  21:16  Marauder x2  
  63  21:25  Missile Turret  
  53  21:33  Marine x5  
  53  21:37  Marauder x2  
  62  21:47  Missile Turret x2  
  62  21:48  Missile Turret  
  62  21:52  Marine, Command Center  
  62  21:53  Marine x5  
  68  21:59  Widow Mine, Marauder x2  
  74  22:08  Refinery  
  74  22:10  Marine x3, Missile Turret  
  74  22:11  Marine x3, Missile Turret  
  80  22:20  Marauder x2, Command Center  
  84  22:28  Marine  
  84  22:29  Supply Depot  
  85  22:32  Supply Depot  
  91  22:51  Widow Mine, Marauder x2  
  93  23:12  Widow Mine  
  93  23:26  Marauder x2  
  97  23:27  Marine  
  97  23:28  Marine x3  
  97  23:30  Terran Infantry Armor Level 3  
  97  23:34  Widow Mine  
  103  23:48  Marauder x2  
  109  23:58  Missile Turret  
  109  24:00  Missile Turret  
  109  24:01  Missile Turret x2  
  109  24:02  Missile Turret  
  109  24:03  Missile Turret x2  
  109  24:05  Missile Turret  
  109  24:09  Marauder x2  
  104  24:22  Planetary Fortress  
  104  24:26  Refinery  
  104  24:27  Refinery  
  104  24:29  SCV x3  
  107  25:08  Planetary Fortress  
  107  25:28  Barracks  
  107  25:29  Missile Turret  
  107  25:34  SCV x2  
  107  25:35  SCV x2  
  111  25:46  SCV  
  111  25:47  SCV x3  
  109  25:50  Missile Turret  
  67  26:08  Barracks  
  67  26:16  Barracks  
  67  26:37  Barracks  
  67  26:38  Barracks  
  67  26:48  SCV x5  
  72  27:00  SCV  
  66  27:17  Barracks Reactor  
  66  27:22  Barracks Reactor, Barracks Tech Lab  
  66  27:28  Missile Turret x2  
  66  27:29  Missile Turret  
  66  27:32  Missile Turret  
  63  27:44  SCV  
  63  27:50  Missile Turret  
  64  27:56  SCV, Marauder  
  64  27:57  Barracks Reactor, Barracks Tech Lab  
  64  27:58  Orbital Command, Marine x4  
  69  28:08  SCV  
  69  28:11  Missile Turret  
  65  28:15  Marine  
  65  28:16  Marine x3  
  65  28:17  Marauder  
  71  28:20  SCV  
  68  28:30  Marauder  
  68  28:32  SCV  
  68  28:33  Marine x2  
  68  28:34  Marine x2  
  70  28:39  Marauder  
  67  28:48  SCV  
  64  28:50  SCV  
  64  28:51  Marauder, Marine x2  
  66  28:57  Missile Turret  
  66  28:59  Missile Turret  
  66  29:00  SCV, Marauder, Missile Turret  
  66  29:02  SCV  
  68  29:12  SCV, Marauder  
  68  29:14  SCV  
  70  29:21  Marauder  
  70  29:22  Orbital Command  
  71  29:24  SCV  
  71  29:26  SCV  
  73  29:36  SCV  
  73  29:38  SCV  
  70  30:07  SCV x2  
  70  30:08  SCV x2  
  74  30:16  Barracks  
  74  30:18  Barracks  
  74  30:19  SCV  
  74  30:20  SCV x3, Barracks  
  77  30:22  Barracks  
  74  30:39  Orbital Command  
  73  30:47  Barracks  
  73  30:48  Barracks x2  
  73  30:56  Barracks  
  67  31:01  Barracks  
  65  31:39  Barracks Tech Lab  
  65  31:40  Barracks Reactor, Barracks Tech Lab  
  43  31:47  Missile Turret  
  43  31:48  Missile Turret  
  43  31:49  Missile Turret  
  43  31:50  Missile Turret  
  43  31:51  Missile Turret  
Tags
 
Add a new tag
Caveats
  • Supply blocks, unpowered buildings, or Contaminate may cause inaccurate times.
  • Supply counts are checked every 10 seconds.